 Dungeon Crawl Stone Soup version 0.23.2-33-g5129a83184 (webtiles) character file.

Game seed: 10798494044795269641

56 Folque the Chiller (level 3, -1/26 HPs)
             Began as a Demonspawn Ice Elementalist on June 29, 2019.
             Succumbed to an adder's poison
             ... on level 1 of the Dungeon.
             The game lasted 00:04:29 (1589 turns).

Folque the Chiller (Demonspawn Ice Elementalist)    Turns: 1589, Time: 00:04:29

Health: -1/26      AC:  2    Str:  8    XL:     3   Next: 71%
Magic:  3/7        EV: 12    Int: 17    God:
Gold:   105        SH:  0    Dex: 13    Spells: 2/8 levels left

rFire    . . .     SeeInvis .   e - +0 dagger (elec)
rCold    . . .     Gourm    .   (no shield)
rNeg     . . .     Faith    .   a - +0 robe
rPois    .         Spirit   .   (no helmet)
rElec    .         Reflect  .   (no cloak)
rCorr    .         Harm     .   (no gloves)
MR       .....                  (no boots)
Stlth    +++.......             (no amulet)
HPRegen  0.08/turn              (no ring)
MPRegen  0.10/turn              (no ring)

@: lethally poisoned (-1 -> -15)
A: claws 1, nightstalker 1
a: no special abilities


You were on level 1 of the Dungeon.
You were hungry.

You visited 1 branch of the dungeon, and saw 2 of its levels.

You collected 105 gold pieces.

Inventory:

Hand Weapons
 b - a +0 short sword
 e - a +0 dagger of electrocution (weapon)
Armour
 a - a +0 robe (worn)
Jewellery
 g - an uncursed ring of stealth {unknown}
Scrolls
 f - a scroll of noise {unknown}
 k - a scroll of fear {unknown}
 l - a scroll of enchant weapon {unknown}
 m - 2 scrolls of identify {unknown}
Potions
 d - 3 potions of curing {unknown}
 h - 2 potions of heal wounds {unknown}
 i - a potion of resistance {unknown}
Comestibles
 c - 5 rations
 j - 10 chunks of flesh


   Skills:
 + Level 1.4 Fighting
 - Level 1.7 Dodging
 - Level 1.7 Stealth
 * Level 3.1 Spellcasting
 - Level 1.0 Conjurations
 + Level 3.1 Ice Magic


You had 2 spell levels left.
You knew the following spells:

 Your Spells              Type           Power        Failure   Level  Hunger
a - Freeze                Ice            ##..         4%          1    None
b - Throw Frost           Conj/Ice       #.....       11%         2    ##.....
c - Ozocubu's Armour      Chrm/Ice       #.......     26%         3    ###....

Your spell library contained the following spells:

 Spells                   Type           Power        Failure   Level  Hunger
 Throw Icicle             Conj/Ice       #.......     58%         4    ####...
 Summon Ice Beast         Ice/Summ       #.......     65%         4    ####...


Dungeon Overview and Level Annotations

Branches:
Dungeon (2/15)

Altars:

Annotations:
D:2 Natasha, Terence


Innate Abilities, Weirdness & Mutations

You have sharp fingernails.
You are slightly more attuned to the shadows.


Message History

Aim: Terence, wielding a +0 trident and wearing a +0 chain mail (lightly wounded)
The puff of frost hits Terence.
Terence is moderately wounded.
You see here a jackal skeleton.
You see here a jackal skeleton.
You see here a jackal skeleton.
The adder bites you. x2
You are poisoned.
The adder poisons you!
You feel sick.
There is a stone staircase leading up here.
You feel sick. The adder bites you.
* * * LOW HITPOINT WARNING * * *
You are more poisoned.
The adder poisons you! The adder bites you.
* * * LOW HITPOINT WARNING * * *
You are more poisoned.
The adder poisons you!
You climb upwards.
You die...

####### #.....#
#.....# #.....#
#######
#.....######......
#@S..........#####
#.....########
#.....# #.....#
#######


You could see an adder.

Vanquished Creatures
  An ooze (D:1)
  A worm (D:2)
  2 leopard geckos
  A giant cockroach (D:2)
  6 goblins
  5 hobgoblins
  10 jackals
  A quokka (D:2)
  2 ball pythons (D:1)
  4 bats
  2 frilled lizards
  A kobold (D:1)
  5 rats
41 creatures vanquished.

Notes
Turn   | Place    | Note
-------+----------+-------------------------------------------
     0 | D:1      | Folque the Demonspawn Ice Elementalist began the quest for
                  | the Orb.
     0 | D:1      | Reached XP level 1. HP: 13/13 MP: 3/3
    93 | D:1      | Gained mutation: You are slightly more attuned to the
                  | shadows. [demonic ancestry]
    93 | D:1      | Reached XP level 2. HP: 10/20 MP: 3/5
   441 | D:1      | Reached skill level 1 in Fighting
   504 | D:1      | Gained mutation: You have sharp fingernails. [demonic
                  | ancestry]
   504 | D:1      | Reached XP level 3. HP: 21/26 MP: 7/7
   511 | D:1      | Learned a level 2 spell: Throw Frost
   515 | D:1      | Learned a level 3 spell: Ozocubu's Armour
  1530 | D:2      | Noticed Terence
  1532 | D:2      | Noticed Natasha
  1588 | D:2      | HP: 1/26 [adder (3)]
  1589 | D:1      | Succumbed to an adder's poison

Skill      XL: |  1  2  3 |
---------------+----------+-----
Fighting       | 1 |  1.4
Ice Magic      | 3 |  3.1
Spellcasting   | 3 |  3.1
Dodging        | |  1.7
Stealth        | |  1.7
Conjurations   | |  1.0

Action                   || total
-------------------------++-------
Melee: Dagger            ||   114
       Short sword       ||     4
 Cast: Freeze            ||     9
       Throw Frost       ||     8
 Stab: Sleeping          ||     7
  Eat: Chunk             ||     2
Armor: Robe              ||    22
Dodge: Dodged            ||    86
